 Dungeon Crawl Stone Soup version 0.30.1-9-gdf580d7c3d (webtiles) character file.

Game seed: 65454877792203687

41 KittyFluff the Trooper (level 3, -4/24 HPs)
             Began as a Gargoyle Berserker on Oct 6, 2023.
             Was a Believer of Trog.
             Slain by Sigmund
             ... wielding a +0 scythe
              (9 damage)
             ... on level 2 of the Dungeon.
             The game lasted 00:04:03 (846 turns).

KittyFluff the Trooper (Gargoyle Berserker)          Turns: 846, Time: 00:04:04

Health: -4/24      AC:  5    Str: 20    XL:     3   Next: 52%
Magic:  3/3        EV: 12    Int:  7    God:    Trog [**....]
Gold:   52         SH:  0    Dex: 11    Spells: 2/2 levels left

rFire   + . .        a - +0 mace
rCold   + . .        (no shield)
rNeg    + . .        b - +0 animal skin
rPois   ∞            (no helmet)
rElec   +            c - scarf {rC+ rF+}
rCorr   +            (no gloves)
SInv    .            (no boots)
Will    .....        (no amulet)
Stlth   +            k - ring of resist corrosion
HPRegen 0.24/turn    (no ring)
MPRegen 0.08/turn

%: no passive effects
@: no status effects
A: sickness immunity, AC +3, negative energy resistance 1, electricity
resistance, torment resistance 1, petrification resistance
a: Renounce Religion, Berserk, Trog's Hand


You were on level 2 of the Dungeon.
You worshipped Trog.
Trog was pleased with you.
You visited 1 branch of the dungeon, and saw 2 of its levels.

You collected 52 gold pieces.

Inventory:

Hand Weapons
 a - a +0 mace (weapon)
 l - a +0 quarterstaff
Missiles
 j - 3 atropa-tipped darts (quivered)
Armour
 b - a +0 animal skin (worn)
 c - a scarf of resistance (worn)
Jewellery
 i - a ring of fire
 k - a ring of resist corrosion (left hand)
Scrolls
 d - 2 scrolls of identify
 e - a scroll of magic mapping {unknown}
 h - a scroll of amnesia {unknown}
Potions
 f - a potion of mutation
 g - a potion of brilliance {unknown}


   Skills:
 + Level 3.7 Fighting
 + Level 3.3 Maces & Flails
 + Level 2.8 Armour
 + Level 2.0 Dodging


You had 2 spell levels left.
You didn't know any spells.
Your spell library was empty.

Dungeon Overview and Level Annotations

Branches:
Dungeon (2/15)

Altars:

Annotations:
D:2 Sigmund


Innate Abilities, Weirdness & Mutations

You are immune to sickness and miasma.
Your stone body is resilient. (AC +3)
You are immune to poison.
You resist negative energy. (rN+)
You are resistant to electric shocks. (rElec)
You are resistant to unholy torment.
You are immune to petrification.


Message History

Found 19 gold pieces.
There is an open door here.
Found a stone staircase leading down.
You now have 52 gold pieces (gained 19).
There is an open door here.
A frilled lizard comes into view.
Sigmund the Dreaded comes into view.
He is wielding a +0 scythe.
Sigmund shouts!
Sigmund gestures wildly while chanting.
Sigmund flickers and vanishes!
Deactivating autopickup; reactivate with Ctrl-A.
The frilled lizard hisses angrily.
The frilled lizard misses you.
You hit the frilled lizard.
You kill the frilled lizard!
Trog accepts your kill. Something hits you but does no damage.
Something hits you!
You see here a frilled lizard corpse.
You miss something. You miss something.
You hear some strange, mumbled words.
You are confused.
Something hits you but does no damage.
You're too confused to move!
You bump into the rock wall.
Something hits you but does no damage.
You hit something. Something barely misses you.
Found a scroll labelled PATTOT FATAVOE.
You miss something. Your punch misses something.
You feel less confused. Something hits you!
You hit something. Something hits you.
* * * LOW HITPOINT WARNING * * *
As you read the scroll labelled ECEVUCHUDUE, it crumbles to dust.
It is a scroll of identify.
f - a potion of mutation You hear some strange, mumbled words.
Something tries to affect you, but you resist.
You barely miss something. Something hits you!
You die...

#.......##..
#..........#
####.##.####
#.# # #.#
#.# #.#
#†########
#{@.......
#.#######?
#.# #.# #.#
..# ..# ..


There were no monsters in sight!

Vanquished Creatures
  A worm (D:2)
  2 dart slugs
  A ball python (D:1)
  4 bats (D:1)
  3 endoplasms (D:1)
  2 giant cockroaches
  A goblin (D:1)
  2 hobgoblins (D:1)
  5 kobolds (D:1)
  2 quokkas (D:1)
  3 frilled lizards
  5 rats
31 creatures vanquished.

Notes
Turn   | Place    | Note
-------+----------+-------------------------------------------
     0 | D:1      | KittyFluff the Gargoyle Berserker began the quest for the
                  | Orb.
     0 | D:1      | Reached XP level 1. HP: 14/14 MP: 1/1
   257 | D:1      | Reached XP level 2. HP: 17/19 MP: 2/2
   499 | D:1      | Reached XP level 3. HP: 23/23 MP: 3/3
   600 | D:1      | Reached ** piety under Trog
   827 | D:2      | Noticed Sigmund
   846 | D:2      | Slain by Sigmund

Illustrated notes

Levels and vault maps discovered:
D:1:      beargit_arrival_greenhouse, layout_basic,
          hangedman_abyss_or_decor_stabs, nicolae_concentric_dashed_squares_wild
D:2:      layout_loops_corners, uniq_jessica, uniq_robin, uniq_sigmund

Skill      XL: |  1  2  3 |
---------------+----------+-----
Dodging        | 2 |  2.0
Fighting       | |  3.7
Maces & Flails | |  3.3
Armour         | |  2.8

Action                     || total
---------------------------++-------
  Melee: Mace              ||    93
    Use: Scroll            ||     1
 Armour: Animal skin       ||    42
  Dodge: Dodged            ||    57
